 Dungeon Crawl Stone Soup version 0.28-a0-726-g4a9143789a (webtiles) character file.

Game seed: 9971914546525978037

0 spiderkeys the Skirmisher (level 1, -1/14 HPs)
             Began as a Kobold Abyssal Knight on Oct 28, 2021.
             Was a Follower of Lugonu.
             Slain by a small abomination (10 damage)
             ... on level 4 of the Abyss.
             The game lasted 00:00:29 (246 turns).

spiderkeys the Skirmisher (Kobold Abyssal Knight)    Turns: 246, Time: 00:00:29

Health: -1/14      AC:  3    Str: 10    XL:     1   Next: 0%
Magic:  2/2        EV: 14    Int: 11    God:    Lugonu [*.....]
Gold:   33         SH:  0    Dex: 15    Spells: 0/0 levels left

rFire   . . .      SeeInvis .   a - +1 short sword (freeze)
rCold   . . .      Faith    .   (shield restricted)
rNeg    . . .      Spirit   .   b - +0 leather armour
rPois   .          Reflect  .   (no helmet)
rElec   .          Harm     .   (no cloak)
rCorr   .          Rampage  .   (no gloves)
Will    .....                   (no boots)
Stlth   ++........              (no amulet)
HPRegen 0.04/turn               (no ring)
MPRegen 0.08/turn               (no ring)

@: no status effects
A: small, no large weapons, nightstalker 3
a: Renounce Religion, Depart the Abyss


You were on level 4 of the Abyss.
You worshipped Lugonu.
Lugonu was aware of your devotion.
You visited 0 branches of the dungeon, and saw 0 of its levels.
You visited the Abyss 1 time.

You collected 33 gold pieces.


Innate Abilities, Weirdness & Mutations

You are small and have problems with some larger weapons.
You are completely attuned to the shadows.


   Skills:
 + Level 3.2 Fighting
 + Level 2.6 Short Blades
 + Level 0.7 Armour
 + Level 2.4 Dodging
 + Level 2.0 Invocations


You couldn't memorise any spells.
You didn't know any spells.
Your spell library was empty.

Inventory:

Hand Weapons
 a - a +1 short sword of freezing (weapon)
Missiles
 e - 22 sling bullets
Armour
 b - a +0 leather armour (worn)
Potions
 d - a potion of degeneration {unknown}

Dungeon Overview and Level Annotations

Branches:
Dungeon (0/15)

Altars:

. . . ### # #.z
#... .##
#####..#
##..###....#.)
#........@....
X§..##.##x.#...
§.##
#.#..##.... ..
###.#..# ..
#...##..####
...##.##..# #
....# # .
#..###. # # #
.. #. ###.... #


You could see a small abomination.


Message History

🤖 Initializing magus.rc ... ✅ Successfully initialized magus.rc [v1.9.10] Welcome, spiderkeys the Kobold Abyssal Knight.
It is said that the Orb of Zot exists deep within this dungeon.
Lugonu says: Depart the Abyss and spread corruption, my servant! (use the ability menu to exit the Abyss) Press ? for a list of commands and other information.
Found a corrupted altar of Lugonu.
Found a corrupted altar of Lugonu.
There is a corrupted altar of Lugonu here.
Key pressed, stopping explore.
Unknown command.
Press < or > to pray at altars.
There is a corrupted altar of Lugonu here.
Found a gateway leading deeper into the Abyss.
There is a gateway leading deeper into the Abyss here.
You plunge deeper into the Abyss.
You see here a +0 short sword.
You see here a +0 short sword.
You now have 11 gold pieces.
You now have 33 gold pieces (gained 22).
A tentacled starspawn comes into view.
A tentacle flies out from the starspawn's body!
A starspawn tentacle comes into view.
A glowing orange brain comes into view.
The glowing orange brain turns its attention towards you.
The glowing orange brain pulsates.
The glowing orange brain radiates an aura of fear!
You are terrified of the glowing orange brain!
Tentacles burst from the starspawn's body! 2 starspawn tentacles come into view.
You are no longer terrified.
Unknown command.
Found a gateway leading deeper into the Abyss.
There is a gateway leading deeper into the Abyss here.
You plunge deeper into the Abyss.
The abyssal rune of Zot can be found at this depth.
c - a scroll labelled GECHYGH IPRA
Found a gateway leading deeper into the Abyss.
There is a gateway leading deeper into the Abyss here.
You plunge deeper into the Abyss.
The abyssal rune of Zot can be found at this depth.
Found a runed battleaxe.
d - a yellow potion
e - 22 sling bullets A small abomination comes into view.
As you read the scroll labelled GECHYGH IPRA, it crumbles to dust.
It is a scroll of brand weapon.
Your +1 short sword is covered with a thin layer of ice!
a - a +1 short sword of freezing (weapon)
A flying skull comes into view.
Unknown command.
The small abomination hits you. 😮 HP[-5]
You take 5 damage, and now have 9/14 hp.
MASSIVE DAMAGE!! (PAUSE)
The small abomination hits you!
Ouch! That really hurt!
You die...

Action                   || total
-------------------------++-------
  Use: Scroll            ||     1

Levels and vault maps discovered:
Abyss:4:  base: Temple, base: Temple, minivault_24,
          doesnt_abyss_rune_brain_food, evilmike_abyss_exit_2,
          evilmike_abyss_exit_glass

Notes
Turn   | Place    | Note
-------+----------+-------------------------------------------
     0 | Abyss:1  | spiderkeys the Kobold Abyssal Knight began the quest for
                  | the Orb.
     0 | Abyss:1  | Reached XP level 1. HP: 14/14 MP: 2/2
     0 | Abyss:1  | magus.rc [v1.9.10]
     6 | Abyss:1  | Found a corrupted altar of Lugonu.
    95 | Abyss:2  | Noticed a tentacled starspawn
   106 | Abyss:2  | Noticed a glowing orange brain
   232 | Abyss:4  | Noticed a small abomination
   240 | Abyss:4  | Noticed a flying skull
   241 | Abyss:4  | Noticed a starcursed mass
   243 | Abyss:4  | Killed a small abomination
   246 | Abyss:4  | Slain by a small abomination

Vanquished Creatures (others)
  A small abomination (Abyss:4)
  6 starspawn tentacles (Abyss:2)
7 creatures vanquished.

Table legend:
 A = Non-vault XP
 B = Vault XP
 C = Vault XP percentage of total XP
 D = Non-vault monster count
 E = Vault monster count
 F = Vault count percentage of total count
                 A         B        C        D         E       F
            +---------+---------+-------+---------+---------+-------
      Total |       0 |       0 |   N/A |       0 |       0 |  -nan
            +---------+---------+-------+---------+---------+-------
            +---------+---------+-------+---------+---------+-------

Illustrated notes

Table legend: (Time is in decaauts)
 A = Elapsed time spent in this place.
 B = Non-inter-level travel time spent in this place.
 C = Inter-level travel time spent in this place.
 D = Time resting spent in this place.
 E = Time spent auto-exploring this place.
 F = Levels seen in this place.
 G = Mean time per level.
                   A        B        C        D        E       F      G
               +--------+--------+--------+--------+--------+-----+--------+
         Total |    245 |    245 |      0 |      0 |    181 |   4 |   61.2 |
         Abyss |    245 |    245 |      0 |      0 |    181 |   4 |   61.2 |
               +--------+--------+--------+--------+--------+-----+--------+

Top non-repeatable levels by time:
 Abyss:4: 86 daAuts
 Abyss:2: 76 daAuts
 Abyss:1: 53 daAuts
 Abyss:3: 28 daAuts
